 Dungeon Crawl Stone Soup version 0.30-a0-595-g91969c0fa5 (webtiles) character file.

Game seed: 2671922278108836922

295 Leeroy the Insei (level 6, 0/43 HPs)
             Began as a Merfolk Transmuter on Jan 6, 2023.
             Killed from afar by Robin (11 damage)
             ... with a puff of flame
             ... on level 4 of the Dungeon.
             The game lasted 00:05:09 (2718 turns).

Leeroy the Insei (Merfolk Transmuter)               Turns: 2718, Time: 00:05:09

Health: 0/43       AC:  2    Str: 10    XL:     6   Next: 34%
Magic:  16/18      EV: 20    Int: 14    God:
Gold:   175        SH:  0    Dex: 20    Spells: 5/9 levels left

rFire   . . .      SeeInvis .      - Unarmed
rCold   . . .      Faith    .    (shield currently unavailable)
rNeg    . . .      Spirit   .    (body armour currently unavailable)
rPois   x          Reflect  .    (helmet currently unavailable)
rElec   .          Harm     .    (cloak currently unavailable)
rCorr   .          Rampage  .    (gloves currently unavailable)
Will    .....                    (boots currently unavailable)
Stlth   ++                       (no amulet)
HPRegen 0.27/turn                p - ring of magical power
MPRegen 0.16/turn                (no ring)

@: spider-form (expiring)
A: venomous fangs, tiny, (nimble swimmer 2), (mertail)
a: End Transformation


You were on level 4 of the Dungeon.
You were a venomous arachnid creature.
You visited 1 branch of the dungeon, and saw 4 of its levels.

You collected 175 gold pieces.

Inventory:

Missiles
 h - 6 poisoned darts
 k - a throwing net
Armour
 a - a +0 robe (melded)
 e - a +1 helmet (melded)
 r - a +0 troll leather armour {Pargi}
Jewellery
 p - a ring of magical power (left front leg)
Scrolls
 f - 4 scrolls of teleportation
 g - a scroll of blinking {unknown}
 j - a scroll of fog {unknown}
 o - a scroll of noise {unknown}
Potions
 b - a potion of lignification
 c - a potion of brilliance {unknown}
 d - a potion of cancellation {unknown}
 i - 2 potions of haste {unknown}
 l - a potion of might {unknown}
 m - 2 potions of mutation {unknown}
 n - 2 potions of magic {unknown}
 q - a potion of degeneration {unknown}


   Skills:
 - Level 1.1 Fighting
 - Level 2.6 Dodging
 + Level 7.3 Unarmed Combat
 - Level 2.0 Spellcasting
 * Level 3.5 Transmutations
 - Level 0.2 Poison Magic


You had 5 spell levels left.
You knew the following spells:

 Your Spells              Type           Power      Damage    Failure   Level
a - Beastly Appendage     Tmut           22%        N/A       16%         1
b - Spider Form           Tmut/Pois      6%         N/A       54%         3

Your spell library contained the following spells:

 Spells                   Type           Power      Damage    Failure   Level
 Wereblood                Tmut           11%        N/A       22%         2
 Blink                    Tloc           2%         N/A       56%         2
 Cigotuvi's Dreadful Rot  Necr/Pois/Air  2%         N/A       56%         2
 Poisonous Vapours        Pois/Air       2%         N/A       56%         2
 Sublimation of Blood     Necr           1%         N/A       56%         2
 Gell's Gravitas          Tloc           1%         N/A       77%         3
 Mephitic Cloud           Conj/Pois/Air  1%         N/A       77%         3
 Teleport Other           Tloc           1%         N/A       77%         3
 Ice Form                 Ice/Tmut       6%         N/A       89%         4
 Manifold Assault         Tloc           1%         N/A       98%         4
 Dispersal                Tloc           0%         N/A       100%        6
 Storm Form               Tmut/Air       3%         N/A       100%        7
 Summon Hydra             Summ           0%         N/A       100%        7


Dungeon Overview and Level Annotations

Branches:
Dungeon (4/15)             Temple (0/1) D:4

Altars:
Sif Muna

Annotations:
D:4 Robin


Innate Abilities, Weirdness & Mutations

You are a venomous arachnid creature.
You have poisonous fangs.
You are tiny and dextrous.
Your spellcasting is less reliable in this form.
Your armour is entirely melded.
You are incapable of wielding weapons or throwing items.
((You are very nimble when in or above water. (Stealth+, EV+, Speed+++)))
((Your lower body shifts to a powerful aquatic tail in water.))


Message History

Casting: Spider Form (quite dangerous; 32% risk of failure)
Confirm with . or Enter, or press ? or * to list all spells.
The spell is quite dangerous to miscast (32% risk of failure)!
Continue anyway?
You turn into a venomous arachnid creature.
Your +1 helmet melds into your body.
Your +0 robe melds into your body.
The orc priest closely misses you.
Robin zaps a wand.
The puff of flame hits you! The orc closely misses you.
You hit the orc priest.
The orc priest is lightly wounded.
The orc priest completely misses you. The endoplasm misses you.
Robin says, "Bow before me, strongest of all the hobgoblins!"
The orc barely misses you.
You hit the orc priest.
The orc priest is poisoned.
The orc priest is lightly wounded.
The orc priest misses you. The endoplasm freezes you.
You are frozen.
The orc misses you.
You hit the orc but do no damage.
The orc is poisoned.
The orc priest closely misses you. The endoplasm freezes you.
You are frozen.
The orc barely misses you.
You hit the orc.
The orc looks as sick as possible!
The orc is severely wounded.
You bite the orc!
You kill the orc!
Your transformation is almost over.
The orc priest hits you with a +0 mace. The endoplasm barely misses you.
Robin misses you.
The orc priest attacks as you move away!
The orc priest hits you with a +0 mace. Robin attacks as you move away!
Robin hits you with a +0 dagger.
The orc priest mumbles some strange prayers to Beogh against you.
Beogh smites you!
* * * LOW HITPOINT WARNING * * *
Items here: ) ? [ †.
You bite the endoplasm!
You kill the endoplasm!
The orc priest mumbles some strange prayers to Beogh against you.
You barely resist.
Robin zaps a wand.
The puff of flame hits you!
You die...

#.#...###..##...# #
..##.###.# #.$.....# #
#.. ...#.###.###.#...###
#
...###.....##..##.##..#
....... ...###<^..##.##
#..... ..# #..###..#
#..>..###.# #...##..##
.#.....#...###.#......#
...........{.#s####...##
...###...###o..# #....#
....#....##.g### #....#
....#..J.#..## ##....#
........)..##
####..##....#
.........###
##.....#####.....
.........#####......#
..#.
.........$.##.......#
...
........<#.o{..<....# ##


You could see Robin and an orc priest (very poisoned).

Vanquished Creatures
  Pargi (D:4)
  6 gnolls
  5 adders
  An ufetubus (D:4)
  2 dart slugs
  3 orcs
  6 endoplasms
  3 giant cockroaches
  21 goblins
  6 hobgoblins
  9 jackals
  3 kobolds
  6 quokkas
  4 ball pythons
  7 bats
  3 frilled lizards
  A rat (D:2)
87 creatures vanquished.

Vanquished Creatures (others)
  A frilled lizard (D:2)
1 creature vanquished.

Grand Total: 88 creatures vanquished

Notes
Turn   | Place    | Note
-------+----------+-------------------------------------------
     0 | D:1      | Leeroy the Merfolk Transmuter began the quest for the Orb.
     0 | D:1      | Reached XP level 1. HP: 15/15 MP: 3/3
   185 | D:1      | Reached XP level 2. HP: 21/21 MP: 5/5
   190 | D:1      | Reached skill level 4 in Unarmed Combat
   734 | D:2      | Reached XP level 3. HP: 24/26 MP: 6/6
   764 | D:2      | Learned a level 3 spell: Spider Form
   816 | D:2      | Found a shimmering blue altar of Sif Muna.
   946 | D:2      | Reached skill level 5 in Unarmed Combat
   995 | D:2      | Reached XP level 4. HP: 13/32 MP: 3/7
  1009 | D:2      | HP: 1/32 [poisoned by an adder]
  1506 | D:3      | Reached skill level 6 in Unarmed Combat
  1594 | D:3      | Reached XP level 5. HP: 37/37 MP: 8/8
  1819 | D:3      | Found a faded altar of an unknown god.
  2364 | D:4      | Noticed Pargi
  2436 | D:4      | Killed Pargi
  2437 | D:4      | Reached skill level 7 in Unarmed Combat
  2437 | D:4      | Reached XP level 6. HP: 39/43 MP: 9/9
  2528 | D:4      | Noticed Robin
  2698 | D:4      | Found a staircase to the Ecumenical Temple.
  2718 | D:4      | Killed from afar by Robin

Illustrated notes

Levels and vault maps discovered:
D:1:      lemuel_arrival_cross, layout_rooms, nicolae_titane
D:2:      layout_loops_ring, basic_altar
D:3:      layout_basic, basic_ecumenical_altar, kennysheep_boxes
D:4:      layout_rooms, nicolae_vehumet_radiance, jmf_multi_god_temple,
          minmay_temple_entry_tees, kennysheep_orc_chapel, uniq_robin,
          uniq_pargi

Skill      XL: |  1  2  3  4  5 |
---------------+----------------+-----
Unarmed Combat | 4 5 6 7 |  7.3
Transmutations | 3 |  3.5
Fighting       | |  1.1
Dodging        | |  2.6
Spellcasting   | |  2.0
Poison Magic   | |  0.2

Action                   |  1- 3 |  4- 6 || total
-------------------------+-------+-------++-------
Melee: Unarmed           |   121 |   178 ||   299
       Punch             |     5 |     4 ||     9
       Tailslap          |       |     3 ||     3
 Cast: Spider Form       |     1 |     6 ||     7
  Use: Scroll            |       |     1 ||     1
 Stab: Sleeping          |     2 |     4 ||     6
       Distracted        |       |     1 ||     1
Armor: Robe              |    35 |    43 ||    78
       Skin              |       |     4 ||     4
Dodge: Dodged            |    98 |   141 ||   239

Table legend: (Time is in decaauts)
 A = Elapsed time spent in this place.
 B = Non-inter-level travel time spent in this place.
 C = Inter-level travel time spent in this place.
 D = Time resting spent in this place.
 E = Time spent auto-exploring this place.
 F = Levels seen in this place.
 G = Mean time per level.
                   A        B        C        D        E       F      G
               +--------+--------+--------+--------+--------+-----+--------+
         Total |   2642 |   2580 |     62 |    155 |   1784 |   4 |  660.5 |
       Dungeon |   2642 |   2580 |     62 |    155 |   1784 |   4 |  660.5 |
               +--------+--------+--------+--------+--------+-----+--------+

Top non-repeatable levels by time:
     D:3: 833 daAuts
     D:2: 816 daAuts
     D:1: 623 daAuts
     D:4: 370 daAuts
